 Dungeon Crawl Stone Soup version 0.20.1-2-g1830e616b0 (webtiles) character file.

152 Alfie the Shooter (level 5, -1/45 HPs)
             Began as a Minotaur Hunter on Feb 12, 2020.
             Slain by a slave (3 damage)
             ... led by Pikel
             ... on level 4 of the Dungeon.
             The game lasted 00:08:16 (2471 turns).

Alfie the Shooter (Minotaur Hunter)                 Turns: 2471, Time: 00:08:17

Health: -1/45      AC:  3    Str: 22    XL:     5   Next: 11%
Magic:  4/4        EV: 12    Int:  8    God:
Gold:   210        SH:  0    Dex: 11    Spells: 4/4 levels left

rFire    + . .     SeeInvis .   b - +0 short sword
rCold    + . .     Gourm    .   (no shield)
rNeg     . . .     Faith    .   c - +0 leather armour
rPois    +         Spirit   .   (helmet restricted)
rElec    +         Reflect  .   (no cloak)
rCorr    +         Harm     .   (no gloves)
MR       .....                  (no boots)
Stlth    +.........             (no amulet)
Regen    0.2/turn               (no ring)
MPRegen  0.1/turn               (no ring)

@: mighty, resistant
A: retaliatory headbutt, horns 2
a: no special abilities


You were on level 4 of the Dungeon.
You were not hungry.

You visited 1 branch of the dungeon, and saw 5 of its levels.

You collected 210 gold pieces.

Inventory:

Hand Weapons
 a - a +1 shortbow
 b - a +0 short sword (weapon)
Missiles
 d - 13 arrows
 k - 10 tomahawks (quivered)
Armour
 c - a +0 leather armour (worn)
Jewellery
 q - an uncursed amulet of rage {unknown}
Scrolls
 h - a scroll of identify
 o - 2 scrolls of fear
 p - a scroll of recharging
Potions
 e - a potion of flight {unknown}
 i - a potion of might
Comestibles
 f - 2 bread rations
 j - 2 royal jellies
 n - 3 meat rations


   Skills:
 + Level 3.4 Fighting
 + Level 0.2 Short Blades
 + Level 6.3 Bows
 + Level 1.4 Armour
 + Level 2.5 Dodging
 + Level 0.7 Stealth


You had 4 spell levels left.
You didn't know any spells.

Dungeon Overview and Level Annotations

Branches:
Dungeon (5/15)
 Temple: D:4-7

Altars:
Fedhas

Annotations:
D:4 Pikel


Innate Abilities, Weirdness & Mutations

You reflexively headbutt those who attack you in melee.
You have a pair of horns on your head.


Message History

The slave closely misses you.
It was a potion of curing.
You feel better.
The slave hits you but does no damage. x2; Pikel hits you but does no damage.
The slave hits you but does no damage. The slave closely misses you.
You furiously retaliate!
You headbutt the slave!
It was a potion of resistance.
You feel protected. The slave hits you. The slave hits you!
* * * LOW HITPOINT WARNING * * *
Pikel hits you but does no damage. The slave hits you but does no damage.
The slave hits you.
* * * LOW HITPOINT WARNING * * *
Wield which item (- for none, * to show all)? (? for menu, Esc to quit)
b - a +0 short sword (weapon)
The slave barely misses you. Pikel completely misses you.
The slave hits you but does no damage. The slave hits you!
* * * LOW HITPOINT WARNING * * *
You feel very mighty all of a sudden. The slave barely misses you.
The slave hits you.
You die...

......( .......
....(.. ..((...
.#######.((....
.....(...(.....
#.....ppK......
#[....p@p......
#..............
#..............
##+######+####+


You could see Pikel and 4 slaves.

Vanquished Creatures
  A bullfrog skeleton (D:4)
  An orc wizard (D:3)
  An adder (D:2)
  2 dart slugs
  3 leopard geckos
  4 orcs
  8 bats
  2 giant cockroaches
  9 goblins
  6 hobgoblins
  9 jackals
  9 kobolds
  2 quokkas
  3 ball pythons
  6 frilled lizards
  3 rats
69 creatures vanquished.

Notes
Turn   | Place    | Note
-------+----------+-------------------------------------------
     0 | D:1      | Alfie the Minotaur Hunter began the quest for the Orb.
     0 | D:1      | Reached XP level 1. HP: 18/18 MP: 0/0
   167 | D:1      | Reached XP level 2. HP: 25/25 MP: 1/1
   220 | D:1      | Reached skill level 5 in Bows
   744 | D:1      | Reached XP level 3. HP: 30/30 MP: 2/2
  1070 | D:2      | You fall through a shaft!
  1679 | D:2      | Reached skill level 1 in Armour
  1679 | D:2      | Reached XP level 4. HP: 29/37 MP: 3/3
  1973 | D:3      | Reached skill level 6 in Bows
  2314 | D:4      | Reached XP level 5. HP: 45/45 MP: 4/4
  2422 | D:4      | You fall through a shaft!
  2422 | D:5      | Entered Level 5 of the Dungeon
  2429 | D:5      | Found a blossoming altar of Fedhas.
  2453 | D:4      | Noticed a slave
  2456 | D:4      | Noticed Pikel
  2456 | D:4      | Noticed a slave
  2457 | D:4      | Noticed a slave
  2458 | D:4      | Noticed a slave
  2466 | D:4      | HP: 2/45 [slave[Pikel] (5)]
  2471 | D:4      | Slain by a slave

Skill      XL: |  1  2  3  4 |
---------------+-------------+-----
Bows           | 5 6 |  6.3
Armour         | 1 |  1.4
Fighting       | 3 |  3.4
Short Blades   | |  0.2
Dodging        | |  2.5
Stealth        | |  0.7

Action                   |  1- 3 |  4- 6 || total
-------------------------+-------+-------++-------
Melee: Short sword       |    20 |    28 ||    48
       Headbutt          |     2 |       ||     2
 Fire: Shortbow          |   113 |    51 ||   164
  Use: Scroll            |     4 |     6 ||    10
       Potion            |       |     5 ||     5
  Eat: Meat ration       |     1 |       ||     1
Armor: Leather armour    |    23 |    14 ||    37
Dodge: Dodged            |    62 |    56 ||   118
